 Dungeon Crawl Stone Soup version 0.30-a0-241-g1121274140 (webtiles) character file.

Game seed: 12269136010948345564

1167 glaedl the Stinger (level 8, -5/58 HPs)
             Began as a Yellow Draconian Venom Mage on Oct 10, 2022.
             Was a Priest of Sif Muna.
             Slain by a mummy (16 damage)
             ... in an ossuary.
             The game lasted 00:23:17 (5807 turns).

glaedl the Stinger (Yellow Draconian Venom Mage)    Turns: 5807, Time: 00:23:17

Health: -5/58      AC:  7    Str: 10    XL:     8   Next: 17%
Magic:  25/25      EV: 15    Int: 19    God:    Sif Muna [***...]
Gold:   395        SH:  4    Dex: 11    Spells: 14/17 levels left

rFire   . . .      SeeInvis .    (no weapon)
rCold   . . .      Faith    .    s - +1 buckler of Yesterday {Rampage}
rNeg    . . .      Spirit   .    (body armour unavailable)
rPois   +          Reflect  .    (helmet restricted)
rElec   .          Harm     .    w - +0 cloak
rCorr   +          Rampage  +    (no gloves)
Will    .....                    (no boots)
Stlth   ++........               n - amulet of magic regeneration
HPRegen 0.29/turn                c - +4 ring of evasion
MPRegen 0.59/turn                f - ring "Xuanauja" {Fly rPois MP+9}

@: about to teleport, short of breath, marked, flying
A: spit acid, AC +6, unfitting armour, cold-blooded, acid resistance
a: Breathe Acid, Renounce Religion, Channel Magic, Forget Spell


You were in an ossuary.
You worshipped Sif Muna.
Sif Muna was most pleased with you.
You visited 1 branch of the dungeon, and saw 6 of its levels.
You also visited: Ossuary.

You collected 395 gold pieces.

Inventory:

Missiles
 l - a throwing net
Armour
 s - the +1 buckler of Yesterday (worn) {Rampage}
   (You acquired it on level 4 of the Dungeon)

   Rampage:   It bestows one free step when moving towards enemies.
 w - a +0 cloak (worn)
Jewellery
 c - a +4 ring of evasion (left hand)
 f - the ring "Xuanauja" (right hand) {Fly rPois MP+9}
   (You acquired it on level 3 of the Dungeon)

   [ring of magical power]

   rPois:     It protects you from poison.
   MP:        It affects your magic capacity (+9).
   Fly:       It grants you flight.
 n - an amulet of magic regeneration (around neck)
 p - a ring of protection from fire
 q - a ring of protection from cold
Wands
 x - a wand of light (3)
Scrolls
 d - a scroll of poison
 m - a scroll of magic mapping {unknown}
 t - a scroll of enchant armour {unknown}
 u - a scroll of noise {unknown}
 v - a scroll of fear {unknown}
 y - a scroll of blinking {unknown}
Potions
 a - a potion of magic
 b - 4 potions of might
 e - 2 potions of haste
 g - a potion of cancellation {unknown}
 h - 2 potions of flight {unknown}
 i - a potion of resistance {unknown}
 j - 2 potions of curing {unknown}
 k - 2 potions of attraction
 r - 4 potions of ambrosia
 z - 3 potions of mutation {unknown}
 A - a potion of heal wounds {unknown}


   Skills:
 + Level 0.8 Fighting
 + Level 2.3 Dodging
 + Level 2.4 Stealth
 + Level 5.4 Spellcasting
 + Level 4.0 Transmutations
 + Level 3.2 Air Magic
 + Level 5.7 Poison Magic
 + Level 1.4 Evocations


You had 14 spell levels left.
You knew the following spells:

 Your Spells              Type           Power      Damage    Failure   Level
a - Sting                 Tmut/Pois      92%        1d7       2%          1
b - Poisonous Vapours     Pois/Air       44%        N/A       3%          2

Your spell library contained the following spells:

 Spells                   Type           Power      Damage    Failure   Level
 Passwall                 Tmut/Erth      10%        N/A       11%         2
 Swiftness                Air            17%        N/A       13%         3
 Mephitic Cloud           Conj/Pois/Air  16%        N/A       14%         3
 Magic Dart               Conj           20%        1d4       16%         1
 Olgreb's Toxic Radiance  Pois           26%        N/A       16%         4
 Call Imp                 Summ           5%         N/A       24%         2
 Ensorcelled Hibernation  Hex/Ice        10%        N/A       24%         2


Dungeon Overview and Level Annotations

Branches:
Dungeon (6/15)             Temple (0/1) D:5         Ossuary (1/1)

Altars:
Dithmenos
Elyvilon
Gozag
Hepliaklqana
Nemelex Xobeh
Sif Muna
Trog
Wu Jian
Xom
Yredelemnul
Zin

Annotations:
D:5 Grinder
D:6 Pikel


Innate Abilities, Weirdness & Mutations

You can spit globs of acid.
Your golden yellow scales are hard. (AC +6)
You cannot fit into any form of body armour.
You are cold-blooded and may be slowed by cold attacks.
You are resistant to acid. (rCorr)


Message History

Aiming: Sting (safe; 2% risk of failure)
Press: ? - help, Q - select action, (/) - cycle Shift-Dir - straight line, f/p - human zombie
Aim: a human zombie (almost destroyed, 82% to hit)
The sting hits the human zombie.
The human zombie partially resists.
You destroy the human zombie!
Sif Muna accepts your kill. The mummy completely misses you.
Your Transmutations skill increases to level 4!
Aiming: Sting (safe; 2% risk of failure)
Press: ? - help, Q - select action, (/) - cycle Shift-Dir - straight line, f - hobgoblin zombie
Aim: a hobgoblin zombie (moderately damaged, covered in acid, 92% to hit)
The sting hits the hobgoblin zombie.
The hobgoblin zombie partially resists.
The hobgoblin zombie is heavily damaged.
The hobgoblin zombie hits you but does no damage.
The mummy hits you.
Aiming: Sting (safe; 2% risk of failure)
Press: ? - help, Q - select action, (/) - cycle Shift-Dir - straight line, f/p - hobgoblin zombie
Aim: a hobgoblin zombie (heavily damaged, covered in acid, 92% to hit)
The sting hits the hobgoblin zombie.
The hobgoblin zombie partially resists.
The hobgoblin zombie is severely damaged.
Magic courses through your body. The hobgoblin zombie misses you.
You block the mummy's attack.
Aiming: Sting (safe; 2% risk of failure)
Press: ? - help, Q - select action, (/) - cycle Shift-Dir - straight line, f/p - hobgoblin zombie
Aim: a hobgoblin zombie (severely damaged, covered in acid, 92% to hit)
The sting hits the hobgoblin zombie.
The hobgoblin zombie partially resists.
The hobgoblin zombie is severely damaged.
The hobgoblin zombie hits you but does no damage.
Your magical contamination has completely faded away.
Aiming: Sting (safe; 2% risk of failure)
Press: ? - help, Q - select action, (/) - cycle Shift-Dir - straight line, f/p - hobgoblin zombie
Aim: a hobgoblin zombie (severely damaged, covered in acid, 92% to hit)
The sting hits the hobgoblin zombie.
The hobgoblin zombie partially resists.
You destroy the hobgoblin zombie!
Sif Muna accepts your kill. The mummy hits you!
* * * LOW HITPOINT WARNING * * *
As you read the scroll of teleportation, it crumbles to dust.
You feel strangely unstable. The goblin zombie misses you. The mummy hits you!
You die...

######################
#.........∩ZZZ.......#
#.........@MZZZ......#
#...##############...#
#...# #...# #...#
#...# #...# #...#
#...####+.... #Z..#
#...#.....∩.# #Z..#
#...#.......# #...#
#...#.....Z.# #Z..#
#...#...Z..M####Z#...#


You could see a mummy (corroded), 2 goblin zombies, a kobold zombie, 2 orc
zombies and an elf zombie (corroded).

Vanquished Creatures
  An ice beast (D:5)
  A black bear (D:4)
  An ogre (D:5)
  A sky beast (D:6)
  A centaur (D:5)
  A phantom (D:5)
  A kobold brigand (D:5)
  A scorpion (D:4)
  2 centaur zombies (Ossuary)
  A human zombie (Ossuary)
  A jelly (D:5)
  A hound (D:5)
  Crazy Yiuf (D:4)
  Natasha (thrice) (D:4)
  3 iguanas
  An orc wizard (D:6)
  A mummy (Ossuary)
  4 adders
  3 adder zombies (Ossuary)
  A dart slug (D:4)
  3 orcs
  4 bats
  6 endoplasms
  3 giant cockroaches
  9 goblins
  11 hobgoblins
  2 jackals (D:3)
  3 quokkas
  5 ball pythons
  3 frilled lizards
  7 hobgoblin zombies (Ossuary)
  11 kobolds
  7 kobold zombies (Ossuary)
  10 orc zombies (Ossuary)
  5 rats
  A rat zombie (Ossuary)
120 creatures vanquished.

Notes
Turn   | Place    | Note
-------+----------+-------------------------------------------
     0 | D:1      | glaedl the Draconian Venom Mage began the quest for the
                  | Orb.
     0 | D:1      | Reached XP level 1. HP: 14/14 MP: 3/3
   375 | D:1      | Reached XP level 2. HP: 19/20 MP: 0/5
   663 | D:1      | Found a faded altar of an unknown god.
   718 | D:1      | Prayed at the altar of an unknown god.
   718 | D:1      | Became a worshipper of Sif Muna the Loreminder
   718 | D:1      | Reached * piety under Sif Muna
  1560 | D:2      | Reached XP level 3. HP: 26/26 MP: 2/6
  3073 | D:3      | Found a basalt altar of Yredelemnul.
  3074 | D:3      | Found a white marble altar of Elyvilon.
  3074 | D:3      | Found a shadowy altar of Dithmenos.
  3074 | D:3      | Found a bloodstained altar of Trog.
  3076 | D:3      | Found an opulent altar of Gozag.
  3077 | D:3      | Found an ornate altar of the Wu Jian Council.
  3079 | D:3      | Found a hazy altar of Hepliaklqana.
  3102 | D:3      | Identified a scroll of acquirement
  3106 | D:3      | Acquired the ring "Xuanauja" {Fly rPois MP+9}
  3146 | D:4      | Noticed a scorpion
  3150 | D:4      | Learned a level 2 spell: Poisonous Vapours
  3154 | D:4      | Killed a scorpion
  3155 | D:4      | Reached XP level 4. HP: 29/33 MP: 8/8
  3175 | D:4      | Reached ** piety under Sif Muna
  3209 | D:4      | Found a glowing silver altar of Zin.
  3215 | D:4      | Noticed an angel
  3219 | D:4      | Found a shimmering altar of Xom.
  3492 | D:4      | Reached XP level 5. HP: 36/38 MP: 9/9
  3554 | D:4      | Noticed a black bear
  3568 | D:4      | Killed a black bear
  3569 | D:4      | Reached skill level 1 in Air Magic
  3823 | D:4      | Found a runed translucent door.
  3824 | D:4      | Noticed Crazy Yiuf
  3834 | D:4      | Killed Crazy Yiuf
  3835 | D:4      | Reached XP level 6. HP: 46/46 MP: 11/11
  3852 | D:4      | Acquired the +1 buckler of Yesterday {Rampage}
  3983 | D:4      | Noticed Natasha
  3991 | D:4      | Killed Natasha
  4004 | D:4      | Noticed Natasha
  4082 | D:4      | Killed Natasha
  4223 | D:4      | Noticed Natasha
  4230 | D:4      | Killed Natasha
  4349 | D:5      | Entered Level 5 of the Dungeon
  4434 | D:5      | Noticed Grinder
  4622 | D:5      | Noticed an ice beast
  4634 | D:5      | Killed an ice beast
  4635 | D:5      | Reached skill level 1 in Evocations
  4635 | D:5      | Your scales start taking on a golden yellow colour.
  4635 | D:5      | Reached XP level 7. HP: 39/51 MP: 12/12
  4635 | D:5      | Gained mutation: You are resistant to acid. (rCorr) [Yellow
                  | Draconian growth]
  4708 | D:5      | Found a sparkling altar of Nemelex Xobeh.
  4753 | D:5      | Found a staircase to the Ecumenical Temple.
  4921 | D:5      | Reached skill level 5 in Poison Magic
  5232 | D:5      | Paralysed by Grinder for 2 turns
  5347 | D:6      | Reached skill level 5 in Spellcasting
  5347 | D:6      | Reached XP level 8. HP: 58/58 MP: 15/15
  5430 | D:6      | Noticed Pikel
  5463 | D:6      | Found a sand-covered staircase.
  5472 | Ossuary  | Entered an ossuary
  5537 | Ossuary  | Reached *** piety under Sif Muna
  5807 | Ossuary  | Slain by a mummy

Illustrated notes

Levels and vault maps discovered:
D:1:      denvon_arrival_planthouse, layout_loops_cross,
          shapermc_ecumenical_altar_notcrosses, supply_closet_lemuel,
          serial_bayou_ford_a, minmay_hexomino_u4
D:2:      layout_loops_ring, dk_noncrumbling_4, minmay_diced_spiral
D:3:      layout_basic, minitemple
D:4:      layout_basic, grunt_temple_overflow_order_and_chaos_1, uniq_natasha,
          uniq_crazy_yiuf_cottage
D:5:      layout_layer_cave, nicolae_overflow_crystal_walls,
          minmay_temple_entry_offerings, uniq_grinder
D:6:      layout_rooms, nicolae_ossuary_entry_ruins, uniq_pikel, uniq_eustachio
Ossuary:  ossuary_tomb_1

Skill      XL: |  1  2  3  4  5  6  7  8 |
---------------+-------------------------+-----
Dodging        | 2 |  2.3
Stealth        | 2 |  2.4
Spellcasting   | 3 5 |  5.4
Transmutations | 2 3 4 |  4.0
Poison Magic   | 4 5 |  5.7
Air Magic      | 1 2 3 |  3.2
Evocations     | 1 |  1.4
Fighting       | |  0.8

Action                   |  1- 3 |  4- 6 |  7- 9 || total
-------------------------+-------+-------+-------++-------
Melee: Unarmed           |     6 |     1 |       ||     7
       Tailslap          |     1 |     1 |       ||     2
Throw: Throwing net      |       |     1 |       ||     1
 Cast: Sting             |   104 |    35 |   199 ||   338
       Poisonous Vapours |       |    61 |    35 ||    96
 Abil: Breathe Acid      |       |       |    13 ||    13
Evoke: Wand              |       |    15 |       ||    15
  Use: Scroll            |     6 |     1 |     3 ||    10
       Potion            |       |       |     1 ||     1
Armor: Skin              |    15 |     7 |    70 ||    92
Dodge: Dodged            |    42 |    31 |   198 ||   271
Block: Buckler           |       |     1 |    42 ||    43

Table legend: (Time is in decaauts)
 A = Elapsed time spent in this place.
 B = Non-inter-level travel time spent in this place.
 C = Inter-level travel time spent in this place.
 D = Time resting spent in this place.
 E = Time spent auto-exploring this place.
 F = Levels seen in this place.
 G = Mean time per level.
                   A        B        C        D        E       F      G
               +--------+--------+--------+--------+--------+-----+--------+
         Total |   5816 |   5603 |    213 |    281 |   4311 |   7 |  830.9 |
       Dungeon |   5482 |   5269 |    213 |    281 |   4207 |   6 |  913.7 |
       Ossuary |    334 |    334 |      0 |      0 |    104 |   1 |  334.0 |
               +--------+--------+--------+--------+--------+-----+--------+

Top non-repeatable levels by time:
     D:1: 1340 daAuts
     D:4: 1138 daAuts
     D:2: 998 daAuts
     D:5: 950 daAuts
     D:3: 881 daAuts
 Ossuary: 334 daAuts
     D:6: 171 daAuts
